 Dungeon Crawl Stone Soup version 0.28.0-53-g5a82cb258f (webtiles) character file.

Game seed: 2515423649920840295

47 bnorton916 the Magician (level 3, -1/19 HPs)
             Began as a Deep Elf Fire Elementalist on June 9, 2022.
             Slain by Robin
             ... wielding a +0 short sword
              (2 damage)
             ... on level 2 of the Dungeon.
             The game lasted 00:01:24 (1662 turns).

bnorton916 the Magician (DEFE)                      Turns: 1662, Time: 00:01:24

Health: -1/19      AC:  6    Str:  5    XL:     3   Next: 48%
Magic:  6/10       EV: 12    Int: 21    God:
Gold:   28         SH:  0    Dex: 15    Spells: 8/9 levels left

rFire   . . .      SeeInvis .   c - +0 club
rCold   . . .      Faith    .   (no shield)
rNeg    . . .      Spirit   .   a - +0 robe
rPois   .          Reflect  .   (no helmet)
rElec   .          Harm     .   (no cloak)
rCorr   .          Rampage  .   (no gloves)
Will    .....                   (no boots)
Stlth   ++........              (no amulet)
HPRegen 0.06/turn               d - +4 ring of protection
MPRegen 0.12/turn               (no ring)

@: no status effects
A: no striking features
a: no special abilities


You were on level 2 of the Dungeon.
You visited 1 branch of the dungeon, and saw 3 of its levels.

You collected 28 gold pieces.

Inventory:

Hand Weapons
 c - a +0 club (weapon)
Missiles
 g - 18 stones
Armour
 a - a +0 robe (worn)
Jewellery
 b - a ring of ice
 d - a +4 ring of protection (left hand)
Potions
 e - a potion of heal wounds


   Skills:
 - Level 2.4 Dodging
 - Level 2.4 Stealth
 + Level 3.9 Spellcasting
 + Level 2.3 Conjurations
 + Level 3.9 Fire Magic


You had 8 spell levels left.
You knew the following spells:

 Your Spells              Type           Power      Damage    Failure   Level
a - Foxfire               Conj/Fire      68%        2x1d7     3%          1

Your spell library contained the following spells:

 Spells                   Type           Power      Damage    Failure   Level
 Scorch                   Fire           40%        2d7       3%          2
 Conjure Flame            Conj/Fire      17%        6-21      10%         3
 Inner Flame              Hex/Fire       12%        N/A       16%         3
 Flame Wave               Conj/Fire      17%        2d6       32%         4


Dungeon Overview and Level Annotations

Branches:
Dungeon (3/15)

Altars:

Annotations:
D:2 Robin


Message History

Confirm with . or Enter, or press ? or * to list all spells.
You conjure some foxfire!
The foxfire hits Robin.
Robin is lightly wounded.
The foxfire hits Robin.
Robin is lightly wounded.
Casting: Foxfire (safe; 3% risk of failure)
Confirm with . or Enter, or press ? or * to list all spells.
You conjure some foxfire!
The foxfire hits Robin but does no damage.
Robin is lightly wounded.
The foxfire hits Robin.
Robin is moderately wounded.
Robin hits you with a +0 short sword.
Casting: Foxfire (safe; 3% risk of failure)
Confirm with . or Enter, or press ? or * to list all spells.
You conjure some foxfire!
Robin barely misses you.
The foxfire hits Robin.
Robin is heavily wounded.
The foxfire hits Robin.
Robin is heavily wounded.
Robin hits you but does no damage.
Casting: Foxfire (safe; 3% risk of failure)
Confirm with . or Enter, or press ? or * to list all spells.
You don't know that spell.
Casting: Foxfire (safe; 3% risk of failure)
Confirm with . or Enter, or press ? or * to list all spells.
You conjure some foxfire!
Robin closely misses you.
The foxfire hits Robin.
Robin is severely wounded.
The foxfire hits Robin.
Robin is almost dead.
Robin hits you with a +0 short sword.
* * * LOW HITPOINT WARNING * * *
Casting: Foxfire (safe; 3% risk of failure)
Confirm with . or Enter, or press ? or * to list all spells.
You conjure some foxfire!
Robin points. "Kill!"
Robin hits you with a +0 short sword.
You die...

#..#)..g #..#....
#######..#....
#.†>..#..####.
####.###.#.....g.
######....#....g.g....
#.........#.....##....
+.....g...#...........
#....@v.#.#.....##.###
#....v§$#.#.....##...
#.......#.#..<..######
####.####.............
#. ############## #.
#. #.


You could see Robin (ally target).

Vanquished Creatures
  An adder (D:2)
  A ball python (D:1)
  5 endoplasms (D:1)
  A giant cockroach (D:1)
  7 goblins
  6 hobgoblins
  3 quokkas (D:1)
  A bat (D:1)
  A frilled lizard (D:1)
  2 kobolds (D:1)
  3 rats (D:1)
31 creatures vanquished.

Vanquished Creatures (others)
  152 foxfires
152 creatures vanquished.

Grand Total: 183 creatures vanquished

Notes
Turn   | Place    | Note
-------+----------+-------------------------------------------
     0 | D:1      | bnorton916 the Deep Elf Fire Elementalist began the quest
                  | for the Orb.
     0 | D:1      | Reached XP level 1. HP: 10/10 MP: 6/6
   353 | D:1      | Reached XP level 2. HP: 15/15 MP: 6/8
  1368 | D:1      | Found a faded altar of an unknown god.
  1486 | D:2      | Reached XP level 3. HP: 19/19 MP: 7/10
  1579 | D:2      | Noticed Robin
  1662 | D:2      | Slain by Robin

Illustrated notes

Levels and vault maps discovered:
D:1:      nzn_arrival_crosshair, layout_loops_ring,
          shapermc_ecumenical_altar_mp_vishouse
D:2:      layout_basic, minmay_circle_x, uniq_robin
D:3:      layout_rooms, minmay_strange_pillars, minmay_misc_feat_diagonals,
          minmay_snake_closets

Skill      XL: |  1  2 |
---------------+-------+-----
Conjurations   | 2 |  2.3
Dodging        | |  2.4
Stealth        | |  2.4
Spellcasting   | |  3.9
Fire Magic     | |  3.9

Action                   || total
-------------------------++-------
Melee: Club              ||    12
       Unarmed           ||     6
       Punch             ||     1
 Cast: Foxfire           ||   101
  Use: Scroll            ||     2
Armor: Robe              ||    21
Dodge: Dodged            ||    18
